Map: Terrasses de Prion

Players

zidar

  • Race: Zerg Zerg
  • League: Silver
  • Spawn Location: 11:00

ProttoKhalla - Winner!

  • Race: Protoss Protoss
  • League: Silver
  • Spawn Location: 5:00

VOD

Have the link to the VOD?

Description

Time

  • Played on: Jan. 3, 2016, 2:31 p.m.
  • Length: 17:56
Show
View Real Time Build Order
Export as new Build Order

zidar Zerg 

Build Orders: Hatch First 

Get SALT Encoding   

  12  0:02  Drone  
  13  0:08  Drone  
  14  0:17  Overlord  
  14  0:23  Extractor, Drone  
  15  0:35  Drone x2  
  17  0:55  Hatchery  
  16  1:32  Spawning Pool  
  15  1:38  Drone x3  
  18  1:46  Extractor  
  17  1:48  Extractor  
  17  1:50  Overlord  
  15  2:10  Drone  
  16  2:15  Drone  
  17  2:26  Queen, Roach Warren  
  17  2:27  Queen  
  20  2:38  Zergling x6  
  23  3:02  Metabolic Boost  
  23  3:22  Roach  
  23  3:23  Roach x2, Zergling x2  
  23  3:24  Zergling x4  
  32  3:37  Drone x2  
  32  3:38  Drone  
  35  3:44  Overlord  
  35  4:11  Roach  
  35  4:12  Roach x3  
  43  4:20  Overlord x2  
  43  4:39  Ravager  
  43  4:40  Ravager x2  
  43  4:42  Ravager  
  47  5:00  Drone x8  
  51  5:47  Roach x4  
  59  6:15  Overlord  
  59  6:16  Overlord x4  
  59  6:17  Overlord  
  59  6:24  Hatchery  
  58  6:28  Lair  
  58  6:36  Extractor  
  57  6:40  Extractor  
  31  7:14  Zergling x2  
  31  7:15  Zergling x22  
  40  7:24  Drone x3  
  43  7:33  Zergling x8  
  32  8:19  Queen  
  33  8:34  Zergling x2  
  33  8:35  Zergling x34  
  51  8:41  Hydralisk Den  
  50  8:49  Evolution Chamber  
  50  8:52  Evolution Chamber  
  52  9:02  Drone x4  
  52  9:03  Drone  
  35  9:56  Roach  
  35  9:57  Roach x12  
  35  9:58  Hydralisk  
  35  9:59  Hydralisk x4  
  71  10:00  Hydralisk  
  73  10:32  Roach x5  
  73  10:33  Roach x2  
  87  10:43  Roach x2  
  87  10:47  Drone  
  92  10:55  Zerg Missile Weapons Level 1  
  92  11:01  Muscular Augments  
  92  11:11  Ravager  
  93  11:35  Overlord x3  
  93  11:36  Overlord  
  91  12:24  Roach  
  91  12:25  Roach x9  
  80  13:04  Roach  
  80  13:05  Roach x7  
  46  14:38  Zergling x12  
  43  14:39  Zergling x28  
  40  15:39  Zergling x2  
  40  15:40  Zergling x18  
  50  16:14  Zergling x6  
  50  16:15  Zergling x2  
  50  16:17  Zergling x2  
  55  16:19  Zergling x2  
  56  16:47  Zergling x2  
  56  16:48  Zergling x24  
  69  17:04  Zergling x16  
  69  17:05  Zergling x2  
  69  17:07  Zergling x2  
Show
View Real Time Build Order
Export as new Build Order

ProttoKhalla Protoss - Winner!

Build Orders: Cannon Rush 

Get SALT Encoding   

  12  0:01  Probe (Chrono Boost)  
  13  0:12  Probe (Chrono Boost)  
  14  0:18  Pylon  
  14  0:23  Probe (Chrono Boost)  
  15  0:38  Forge  
  15  0:39  Probe (Chrono Boost)  
  16  0:53  Pylon  
  16  0:58  Probe (Chrono Boost), Pylon  
  17  1:12  Photon Cannon  
  17  1:15  Probe (Chrono Boost)  
  17  1:24  Gateway  
  17  1:26  Gateway  
  17  1:36  Photon Cannon  
  17  1:50  Assimilator  
  17  1:54  Photon Cannon  
  17  2:01  Pylon  
  17  2:06  Probe (Chrono Boost)  
  18  2:19  Cybernetics Core  
  18  2:25  Probe (Chrono Boost)  
  18  2:28  Assimilator  
  19  2:36  Probe (Chrono Boost)  
  20  2:50  Pylon  
  20  2:53  Probe (Chrono Boost)  
  21  3:04  Adept x2  
  25  3:08  Warp Gate (Chrono Boost)  
  25  3:12  Probe (Chrono Boost)  
  26  3:23  Mothership Core  
  28  3:31  Zealot x2  
  32  3:57  Nexus  
  32  4:01  Pylon  
  32  4:15  Stalker  
  32  4:16  Stalker  
  36  4:32  Robotics Facility  
  36  4:43  Probe  
  37  5:02  Gateway  
  37  5:07  Pylon  
  37  5:11  Pylon  
  37  5:22  Probe  
  37  5:23  Probe  
  37  5:27  Gateway  
  37  5:38  Stalker x2  
  41  5:47  Immortal (Chrono Boost)  
  42  6:28  Immortal (Chrono Boost)  
  42  6:29  Stalker x2  
  42  6:32  Adept  
  39  7:15  Nexus  
  39  7:21  Immortal (Chrono Boost)  
  43  7:22  Adept  
  43  7:23  Adept  
  43  7:25  Sentry  
  49  7:43  Assimilator  
  49  7:47  Assimilator  
  49  7:51  Pylon  
  35  8:20  Zealot x2  
  35  8:21  Zealot  
  35  8:26  Probe  
  41  8:30  Probe  
  43  8:37  Probe  
  44  8:42  Probe  
  44  8:47  Probe  
  44  8:48  Pylon  
  46  9:16  Zealot x2  
  50  9:18  Sentry  
  50  9:21  Nexus  
  52  9:28  Pylon  
  35  9:47  Zealot x2  
  35  9:48  Zealot  
  35  9:51  Immortal (Chrono Boost)  
  45  9:59  Probe  
  45  10:01  Probe  
  47  10:08  Stalker  
  47  10:09  Probe, Stalker  
  47  10:11  Sentry  
  47  10:13  Probe  
  55  10:20  Probe  
  56  10:31  Probe  
  56  10:33  Probe  
  56  10:34  Probe  
  59  10:42  Probe  
  59  10:43  Probe  
  59  10:46  Probe  
  62  10:55  Stalker  
  64  10:57  Sentry  
  64  11:02  Nexus  
  64  11:03  Pylon  
  66  11:06  Pylon  
  66  11:08  Pylon  
  66  11:14  Pylon  
  66  11:17  Stalker  
  68  11:21  Stalker  
  68  11:23  Stalker  
  72  11:49  Probe x2  
  72  11:51  Probe  
  75  11:59  Probe  
  75  12:00  Probe, Stalker  
  75  12:01  Stalker  
  80  12:03  Probe  
  86  12:09  Immortal (Chrono Boost)  
  86  12:15  Stalker  
  86  12:26  Stalker x2  
  74  12:46  Immortal (Chrono Boost)  
  74  12:47  Stalker  
  58  13:00  Mothership Core, Stalker  
  58  13:01  Adept  
  64  13:19  Gateway, Stalker  
  70  13:20  Gateway, Immortal (Chrono Boost)  
  60  13:34  Stalker x2  
  64  13:44  Zealot  
  63  13:55  Immortal (Chrono Boost)  
  55  14:01  Stalker  
  55  14:02  Stalker  
  55  14:09  Stalker  
  53  14:17  Stalker  
  53  14:20  Stalker  
  53  14:31  Stalker x2  
  53  14:35  Stalker  
  53  14:41  Stalker  
  55  14:46  Probe  
  55  14:47  Probe  
  55  14:49  Probe  
  55  14:52  Immortal (Chrono Boost), Stalker  
  63  14:57  Probe  
  64  15:03  Assimilator  
  64  15:06  Photon Cannon, Assimilator  
  64  15:12  Photon Cannon  
  64  15:14  Photon Cannon  
  64  15:15  Stalker  
  64  15:16  Zealot  
  68  15:22  Adept x2  
  68  15:23  Zealot  
  60  15:40  Immortal (Chrono Boost)  
  64  15:49  Robotics Facility  
  64  15:50  Robotics Bay  
  64  16:03  Zealot  
  66  16:23  Immortal (Chrono Boost), Stalker  
  66  16:24  Zealot, Stalker  
  66  16:25  Zealot x2  
  80  16:50  Twilight Council  
  80  16:55  Nexus  
  80  16:59  Pylon x3  
  80  17:02  Assimilator  
  80  17:04  Assimilator  
  80  17:16  Stalker x3  
  80  17:17  Zealot x2  
  86  17:52  Zealot x5  
Tags
 
Add a new tag
Caveats
  • Supply blocks, unpowered buildings, or Contaminate may cause inaccurate times.
  • Supply counts are checked every 10 seconds.